 Dungeon Crawl Stone Soup version 0.15.0-31-geb66e34 (console) character file.

392487 uziel the Axe Maniac (level 22, -10/224 HPs)
             Began as a Minotaur Berserker on Sept 9, 2014.
             Was a High Priest of Trog.
             Hit by a large rock thrown by a stone giant (26 damage)
             ... on Level 5 of the Vaults on Sept 14, 2014.
             The game lasted 07:05:11 (54526 turns).

uziel the Axe Maniac (Minotaur Berserker)          Turns: 54526, Time: 07:05:11

HP -10/224       AC 27     Str 34      XL: 22   Next: 12%
MP   0/29        EV 12     Int  6      God: Trog [*****.]
Gold 3627        SH  0     Dex 11      Spells:  0 memorised, 21 levels left

rFire  + + .     SeeInvis .     a - +9 battleaxe of Dissent {drain, Str+2}
rCold  + + .     Clarity  .     h - +9 plate armour of the Duke {rC+}
rNeg   + + .     rCorr    .     (no shield)
rPois  +         rRot     .     q - +0 hat {Spirit}
rElec  +         Spirit   +     O - -2 cloak of Valour {rElec rPois Str+3}
SustAb .         Warding  +     t - +2 pair of gloves
rMut   .         Stasis   .     Q - +0 pair of boots
Gourm  .                        u - amulet "Tuidghicw" {Ward rElec rF+ rN+ Slay+5}
MR     +....                    b - ring of regeneration
                                S - ring of Missiwk {rF+ rC+ rN+}

@: lethally poisoned, about to teleport, corroded equipment, somewhat resistant
to hostile enchantments, extremely unstealthy
A: retaliatory headbutt, horns 2, sense surroundings 1, placid magic 1
a: Burn Spellbooks, Berserk, Trog's Hand, Brothers in Arms, Renounce Religion
}: 2/15 runes: decaying, gossamer


You were on level 5 of the Vaults.
You worshipped Trog.
Trog was extremely pleased with you.
You were not hungry.

You visited 9 branches of the dungeon, and saw 48 of its levels.
You also visited: Labyrinth, Trove, Ice Cave and Volcano.

You collected 6073 gold pieces.
You spent 2446 gold pieces at shops.

Inventory:

Hand weapons
 a - the +9 battleaxe of Dissent (weapon) {drain, Str+2}
   (You found it on level 8 of the Lair of Beasts)

   A truly terrible weapon, it drains the life of those it strikes.
   It affects your strength (+2).
 e - the +8 war axe "Zilump" {holy, rN+, unknown}
   (You found it on level 5 of the Vaults)

   It has been blessed by the Shining One to cause great damage to the undead
   and demons.
   It protects you from negative energy.
 p - a +1 antimagic battleaxe
 w - a +4 triple crossbow of freezing
 C - a +1 battleaxe of flaming
Missiles
 j - 27 bolts of penetration
Armour
 h - the +9 plate armour of the Duke (worn) {rC+}
   (You found it on level 4 of the Spider Nest)

   It protects you from cold.
 q - a +0 hat of spirit shield (worn)
 t - a +2 pair of gloves (worn)
 O - the -2 cloak of Valour (worn) {rElec rPois Str+3}
   (You bought it in a shop on level 15 of the Dungeon)

   It affects your strength (+3).
   It insulates you from electricity.
   It protects you from poison.
 Q - a +0 pair of boots (worn)
Magical devices
 d - a wand of disintegration (13)
 g - a wand of cold (7)
 i - a wand of fire (8)
 l - a wand of fireball (7)
 o - a wand of disintegration (9)
 x - a wand of digging (12)
 I - a wand of teleportation (4)
 K - a wand of lightning (6)
 N - a wand of frost (12)
 P - a wand of draining (3)
 T - a wand of polymorph (14)
 U - a wand of teleportation (3) {!d}
 Y - a wand of heal wounds (0) {!d}
 Z - a wand of teleportation (6) {!d}
Comestibles
 r - 6 meat rations
 R - 6 rotting chunks of two-headed ogre flesh
 X - 2 bread rations
Scrolls
 f - 2 scrolls of fog
 y - 4 scrolls of teleportation
 D - 2 scrolls of identify
 E - a scroll of brand weapon
 W - a scroll of remove curse
Jewellery
 b - a ring of regeneration (right hand)
 k - the ring "Onaofab" {SustAb Str+3 Dex+2}
   (You found it on level 3 of the Elven Halls)

   [ring of sustain abilities]

   It sustains your strength, intelligence and dexterity.
   It affects your strength (+3).
   It affects your dexterity (+2).
 m - the ring "Dim Yxt" {rF+ rC+ Str+1}
   (You found it in a treasure trove)

   [ring of protection from cold]

   It affects your strength (+1).
   It protects you from fire.
   It protects you from cold.
 n - an uncursed ring of see invisible
 s - the amulet of the Empire {rMut rN+}
   (You found it in a treasure trove)

   [amulet of resist mutation]

   It protects you from mutation.
   It protects you from negative energy.
 u - the amulet "Tuidghicw" (around neck) {Ward rElec rF+ rN+ Slay+5}
   (You found it in a treasure trove)

   [amulet of warding]

   It may prevent the melee attacks of summoned creatures.
   It affects your accuracy and damage with ranged weapons and melee attacks
   (+5).
   It protects you from fire.
   It insulates you from electricity.
   It protects you from negative energy.
 A - an uncursed amulet of stasis
 F - an uncursed amulet of resist mutation {unknown}
 G - an uncursed ring of flight
 H - an uncursed amulet of resist corrosion {unknown}
 J - an uncursed amulet of the gourmand {unknown}
 L - an uncursed amulet of clarity
 M - an uncursed ring of teleport control
 S - the ring of Missiwk (left hand) {rF+ rC+ rN+}
   (You found it in a treasure trove)

   [ring of protection from fire]

   It protects you from fire.
   It protects you from cold.
   It protects you from negative energy.
Potions
 z - a potion of poison {unknown}
 B - 4 potions of curing
Miscellaneous
 V - a lantern of shadows
Rods
 c - a +3 rod of shadows (9/9)
   (You took it off a fire giant on level 5 of the Vaults)


   Skills:
 * Level 24.5 Fighting
 O Level 27 Axes
 - Level 4.0 Crossbows
 - Level 18.0 Armour
 + Level 14.0 Dodging
 + Level 10.3 Evocations


You had 21 spell levels left.
You didn't know any spells.

Dungeon Overview and Level Annotations

Branches:
Dungeon (15/15)            Temple (1/1) D:4             Orc (4/4) D:10
    Elf (3/3) Orc:4          Lair (8/8) D:9           Swamp (5/5) Lair:4
 Spider (5/5) Lair:5        Slime (0/6) Lair:7       Vaults (5/5) D:14
 Depths (2/5) D:15
  Crypt: Vaults:2-3

Altars:
Ashenzari
Cheibriados
Dithmenos
Elyvilon
Fedhas
Kikubaaqudgha
Makhleb
Nemelex Xobeh
Okawaru
Qazlal
Sif Muna
Trog
Vehumet
Xom
Yredelemnul
Zin
The Shining One
Jiyva
Lugonu

Shops:
D:14 *   D:15 %*[}*   Orc:1 %   Orc:4 *}(*   Elf:1 (   Elf:2 !   Vaults:2 %

Portals:
Hell: Depths:1
Abyss: Depths:1
Ziggurat: Depths:2

Annotations:
D:6 Menkaure
Swamp:5 Roxanne
Spider:1 Nikola
Spider:5 exclusion: upstairs
Vaults:2 exclusion: curse skull


Innate Abilities, Weirdness & Mutations

You reflexively headbutt those who attack you in melee.
You have a pair of horns on your head.
You passively map a small area around you.
Your spells are a little easier to cast, but a little less powerful.


Message History

* * * LOW HITPOINT WARNING * * *
The quicksilver dragon barely misses you.
The crystal guardian glitters, brittle, in the dim dungeon light.
Cornered, the deep troll turns to fight!
Evoke which item? (* to show all) (? for menu, Esc to quit)
Zapping:
U - a wand of teleportation (4) {!d}
Press: ? - help, Shift-Dir - straight line, f - you You feel strangely unstable.
This wand has 3 charges left.
You feel sick.
The stone giant seems to regain its courage.
The quicksilver dragon bites you but does no damage.
The quicksilver dragon closely misses you.
Cornered, the ettin turns to fight!
The tengu reaver points at you and mumbles some strange words.
The bolt of acid hits you!
* * * LOW HITPOINT WARNING * * *
The acid burns!
* * * LOW HITPOINT WARNING * * *
The battlesphere fires!
The barrage of energy hits you!
The stone giant throws a large rock.
The large rock hits you!!
You die...

,,,,,,,+,,,*,,,#....#,,,,,,,,,,,,
,,,,,,,**,**,,*#..H.#,,**,,**,,,,
,,,,,,,,***,,**#..O.#,,,*,,,**,,,
,,,,,,,,,,,,,**#....#*,,**,,,*,,,
,***,,,,,,,,,.##OD..#*..,**,,**,,
**,**,,,,,**...#(C.O##..,,*,,,***
*,,,+,,,,***#..#D8Tp#..#,,**,,,,,
**,**,,,,**##..#OTCC#..#,,.**,,,,
,***,,,,..##...#p..T#..##...*****
,,,,,,**.......#D)..#......,,,,,,
,,,,,***#.......@Q.......#*,,,,,,
##############......*.###########
...(...............(..(..........
.................................
#################################


You could see a shadow dragon, a storm dragon, a fire giant, a quicksilver
dragon, a stone giant, a tengu reaver, 2 ironheart preservers, an ettin, a
crystal guardian, an ogre mage, 3 deep trolls, a two-headed ogre and an ogre.

Vanquished Creatures
  An ancient lich (Vaults:5)
  Saint Roka (Swamp:5)
  Margery (Vaults:5)
  A golden dragon (Vaults:5)
  Arachne (Spider:5)
  2 liches
  3 tentacled monstrosities (Vaults:5)
  4 titans
  An Executioner (Elf:3)
  2 deep elf master archers (Elf:3)
  2 deep elf blademasters (Elf:3)
  A Shadow Fiend (Elf:3)
  A storm dragon (Vaults:4)
  3 tengu reavers
  4 sphinxes
  2 thorn hunters
  Frances (D:15)
  A shadow dragon (Vaults:5)
  5 fire giants
  3 deep elf sorcerers (Elf:3)
  12 vault wardens
  The ghost of Ladykiller69 the Shatterer, a powerful OgGl of Nemelex Xobeh (D:15)
  9 frost giants
  Aizul (Vaults:3)
  An orc warlord (Vaults:5)
  A large abomination (Vaults:5)
  5 ghost moths
  6 emperor scorpions
  A ghoul (Swamp:4)
  12 stone giants
  11 deep elf demonologists
  2 very ugly things
  2 war gargoyles
  A reaper (Elf:3)
  5 dire elephants
  4 deep elf annihilators
  10 ettins
  A green death (Elf:3)
  Snorg (Orc:2)
  27 vault guards
  6 deep elf death magi
  4 fire dragons
  15 yaktaur captains
  A minotaur (Lab)
  10 ironheart preservers
  5 deep elf high priests
  2 great orbs of eyes
  An ice dragon (D:15)
  Fannar (Lair:2)
  Nessos (Orc:4)
  12 ogre magi
  2 ravenous item mimics
  A shambling mangrove (Swamp:2)
  A spriggan air mage (Depths:2)
  An anaconda (Lair:8)
  6 alligators
  16 hydras
  10 centaur warriors
  4 dancing weapons
  A deep troll earth mage (Vaults:5)
  A tengu warrior (D:13)
  A vampire mage (Depths:1)
  A spriggan berserker (Depths:2)
  8 death yaks
  The ghost of heinrich the Eclecticist, a powerful DECj of Sif Muna (D:11)
  3 deep troll shamans (Depths:1)
  2 sun demons
  2 catoblepae
  10 deep elf knights
  Nergalle (Lair:4)
  Erolcha (D:10)
  A soul eater (Depths:1)
  2 hell beasts
  A fire crab (Swamp:5)
  4 deep trolls
  An ice devil (Depths:1)
  3 skeletal warriors (D:14)
  2 shadow wraiths
  The ghost of merphle the Jinx, an experienced DECj of Sif Muna (Volcano)
  A giant orange brain (Depths:1)
  3 hell knights
  3 unseen horrors
  3 flayed ghosts
  13 deep elf summoners
  A silver statue (Depths:1)
  7 necromancers
  12 orb spiders
  9 hill giants
  2 wizards (Depths:1)
  9 ironbrand convokers
  13 harpies
  7 swamp dragons
  2 lindwurms
  13 orc knights
  A red wasp (shapeshifter) (Vaults:5)
  33 ugly things
  20 deep elf conjurers
  23 wolf spiders
  6 red wasps
  7 cyclopes
  2 moths of wrath
  7 griffons
  A sixfirhy (Elf:3)
  A phantasmal warrior (Vaults:5)
  A stone giant skeleton (Vaults:5)
  10 elephants
  Maurice (Orc:1)
  12 vault sentinels
  Joseph (D:7)
  An iron devil (Elf:3)
  20 spiny frogs
  4 torpor snails
  4 black mambas
  2 molten gargoyles (Volcano)
  A gargoyle (D:12)
  An efreet (D:13)
  A guardian serpent (shapeshifter) (Elf:2)
  A centaur skeleton (D:13)
  A smoke demon (Elf:3)
  An orange demon (Depths:1)
  A yaktaur (shapeshifter) (Depths:1)
  A tormentor (Vaults:5)
  A queen ant (Lair:7)
  5 freezing wraiths
  An item mimic (Lair:1)
  19 demonic crawlers
  3 kobold demonologists
  51 yaktaurs
  8 komodo dragons
  8 fire drakes
  14 deep elf priests
  3 red devils (Depths:1)
  3 hellwings (Elf:3)
  2 baby alligators (Swamp:2)
  A tengu conjurer (D:13)
  24 two-headed ogres
  A raiju (shapeshifter) (Vaults:4)
  A fire drake (shapeshifter) (Vaults:2)
  3 blue devils (Depths:1)
  5 polar bears
  6 trolls
  Prince Ribbit (Lair:2)
  11 jumping spiders
  18 ravens
  9 basilisks
  13 bog bodies
  6 boulder beetles
  A raven (shapeshifter) (Elf:3)
  A stone giant simulacrum (Depths:1)
  5 giant leeches
  20 blink frogs
  3 deep troll zombies (Depths:1)
  14 slime creatures
  21 trapdoor spiders
  An ettin skeleton (Vaults:5)
  2 flying skulls
  5 wyverns
  4 fire elementals
  4 spriggans
  2 vampires
  20 tarantellas
  38 redbacks
  53 yaks
  A fire giant simulacrum (Depths:1)
  A ynoxinul (Depths:1)
  30 deep elf magi
  A neqoxec (Elf:3)
  5 fire bats (Volcano)
  6 steam dragons
  A spriggan (shapeshifter) (Vaults:4)
  12 hippogriffs
  3 wraiths
  4 shadows
  33 vampire mosquitoes
  4 hill giant skeletons
  17 deep elf fighters
  16 wolves
  7 hungry ghosts
  2 mottled dragons (Volcano)
  Edmund (D:6)
  A minotaur simulacrum (Depths:1)
  20 swamp worms
  13 water moccasins
  6 wargs
  3 porcupines
  20 soldier ants (Lair:7)
  12 swamp drakes
  4 sky beasts
  A black bear (Lair:4)
  48 orc warriors
  16 spiders
  12 yellow wasps
  4 necrophages (Swamp:4)
  3 phantoms
  A manticore zombie (D:15)
  31 centaurs
  A lost soul (Elf:3)
  54 ogres
  14 ice beasts
  2 big kobolds (shapeshifter)
  14 crocodiles
  Sigmund (D:7)
  2 big kobolds (D:12)
  6 earth elementals (D:15)
  Blork the orc (D:7)
  22 giant frogs
  A gnoll sergeant (D:8)
  15 insubstantial wisps
  A yaktaur skeleton (Vaults:5)
  A wyvern skeleton (D:10)
  5 scorpions
  2 eyes of draining (shapeshifter)
  A human simulacrum (Vaults:2)
  7 killer bees
  An electric eel (Lair:4)
  3 wights (D:8)
  A goliath beetle (D:8)
  5 jellies
  A gnoll shaman (D:7)
  An iron imp (D:12)
  29 crimson imps
  A two-headed ogre zombie (Depths:1)
  6 iguanas
  A giant frog zombie (D:9)
  13 hounds
  23 worker ants
  32 orc wizards
  A quasit (D:12)
  18 orc priests
  9 orange rats
  A cyclops simulacrum (D:15)
  14 sheep
  Jessica (D:2)
  2 ogre zombies (Depths:1)
  A big kobold zombie (D:11)
  An ogre skeleton (D:4)
  A mummy (D:7)
  A brain worm simulacrum (D:15)
  A scorpion zombie (D:11)
  22 adders
  11 gnolls
  62 green rats
  3 orc skeletons
  5 shadow imps
  2 giant mites
  6 white imps
  2 ufetubi (Depths:1)
  2 worms
  A giant eyeball (Elf:1)
  2 giant geckos
  An ooze (D:3)
  179 orcs
  16 bats
  3 giant cockroaches
  21 hobgoblins
  3 jackals
  13 kobolds
  A ball python (D:1)
  A giant gecko skeleton (D:6)
  2 giant newts
  A giant spore (D:3)
  A gnoll zombie (D:5)
  17 goblins
  A jackal skeleton (D:4)
  A kobold skeleton (D:5)
  3 orc zombies
  12 quokkas
  13 rats
  A rat skeleton (D:8)
  7 ballistomycetes
  A briar patch (Swamp:4)
  9 fungi
  12 plants
2067 creatures vanquished.

Vanquished Creatures (collateral kills)
  Josephine (Orc:2)
  4 orb spiders
  A griffon (Lair:8)
  3 polar bears (IceCv)
  A tarantella (Spider:4)
  2 orc warriors (Swamp:5)
  A necrophage (Vaults:2)
  An orc priest (Swamp:5)
  An orc wizard (Orc:2)
  An adder (Lair:8)
  A green rat (Lair:8)
  2 orcs (Orc:2)
  A goblin skeleton (Orc:2)
  2 orc skeletons (Orc:2)
  An orc zombie (Orc:2)
23 creatures vanquished.

Vanquished Creatures (others)
  The ghost of Thrillho the Arsonist, a powerful DEFE of Vehumet (Lair:3)
  A vault guard (Vaults:5)
  A centaur warrior (Depths:1)
  A death yak (Depths:2)
  A lindwurm (Swamp:5)
  A jumping spider (Spider:5)
  2 two-headed ogres
  A troll (IceCv)
  An elf skeleton (Vaults:5)
  A deep elf fighter (Depths:2)
  A vampire mosquito (Vaults:2)
  2 swamp drakes
  4 ogres
  3 lost souls (Elf:3)
  An orc (D:10)
  2 giant spores
  2 fungi
  3 plants (Lair:8)
  8 toadstools (Swamp:4)
37 creatures vanquished.

Grand Total: 2127 creatures vanquished

Notes
Turn   | Place    | Note
--------------------------------------------------------------
     0 | D:1      | uziel, the Minotaur Berserker, began the quest for the Orb.
     0 | D:1      | Reached XP level 1. HP: 19/19 MP: 1/1
   230 | D:1      | Reached skill level 4 in Axes
   344 | D:1      | Reached XP level 2. HP: 26/26 MP: 1/1
   820 | D:2      | Acquired Trog's second power
  1061 | D:2      | Reached XP level 3. HP: 23/31 MP: 2/2
  1206 | D:2      | Noticed Jessica
  1226 | D:2      | Killed Jessica
  1226 | D:2      | Reached skill level 5 in Axes
  1710 | D:3      | Reached XP level 4. HP: 39/39 MP: 2/2
  1960 | D:3      | Reached skill level 6 in Axes
  1980 | D:3      | Reached XP level 5. HP: 38/45 MP: 2/2
  2403 | D:4      | Found a staircase to the Ecumenical Temple.
  2409 | Temple   | Entered the Ecumenical Temple
  2712 | D:4      | Noticed a centaur
  2722 | D:4      | Killed a centaur
  2722 | D:4      | Reached skill level 7 in Axes
  2722 | D:4      | Reached skill level 5 in Armour
  2722 | D:4      | Reached XP level 6. HP: 51/51 MP: 3/3
  3291 | D:5      | Entered Level 5 of the Dungeon
  3454 | D:5      | Reached skill level 8 in Axes
  3454 | D:5      | Reached XP level 7. HP: 31/57 MP: 3/3
  3935 | D:5      | Found a glowing golden altar of the Shining One.
  4801 | D:6      | Found an iron altar of Okawaru.
  4806 | D:6      | Noticed Menkaure
  4829 | D:5      | Reached skill level 9 in Axes
  5098 | D:6      | Noticed Edmund
  5129 | D:6      | Killed Edmund
  5129 | D:6      | Reached skill level 10 in Axes
  5129 | D:6      | Reached XP level 8. HP: 64/64 MP: 3/3
  5529 | D:7      | Acquired Trog's third power
  5542 | D:7      | Reached skill level 11 in Axes
  5564 | D:7      | Noticed Sigmund
  5572 | D:7      | Killed Sigmund
  5625 | D:7      | Reached skill level 12 in Axes
  5802 | D:7      | Found a shimmering altar of Xom.
  5911 | D:7      | Noticed Blork the orc
  5928 | D:7      | Killed Blork the orc
  5928 | D:7      | Reached XP level 9. HP: 70/70 MP: 4/4
  5930 | D:7      | Reached skill level 13 in Axes
  6109 | D:7      | Noticed Joseph
  6153 | D:7      | Killed Joseph
  6153 | D:7      | Reached skill level 14 in Axes
  6727 | D:8      | Reached skill level 15 in Axes
  7328 | D:9      | Reached XP level 10. HP: 59/77 MP: 4/4
  7451 | D:9      | Reached skill level 16 in Axes
  7607 | D:9      | Found a shadowy altar of Dithmenos.
  7859 | D:9      | Noticed a fire drake
  7859 | D:9      | Found a staircase to the Lair.
  7869 | D:9      | Killed a fire drake
  8016 | D:10     | Entered Level 10 of the Dungeon
  8026 | D:10     | Noticed a hill giant
  8044 | D:10     | Killed a hill giant
  8044 | D:10     | Reached skill level 17 in Axes
  8083 | D:10     | Noticed a hill giant
  8091 | D:10     | Killed a hill giant
  8685 | D:11     | Reached skill level 5 in Fighting
  8748 | D:11     | Found a portal to a secret trove of treasure.
  8748 | D:11     | Noticed an unseen horror
  8760 | D:11     | Killed an unseen horror
  8774 | D:11     | Noticed heinrich's ghost (powerful DECj)
  8775 | D:11     | Noticed an unseen horror
  9034 | D:11     | Received a gift from Trog
  9058 | D:11     | Noticed a red ugly thing
  9108 | D:12     | Noticed a centaur warrior
  9122 | D:12     | Killed a centaur warrior
  9122 | D:12     | Reached XP level 11. HP: 72/91 MP: 4/4
  9434 | D:12     | Noticed a hell beast
  9605 | D:10     | Found a staircase to the Orcish Mines.
  9625 | D:10     | Reached skill level 18 in Axes
  9626 | D:10     | Noticed Erolcha
  9644 | D:10     | Killed Erolcha
 10200 | Lair:1   | Entered Level 1 of the Lair of Beasts
 11066 | Lair:1   | Received a gift from Trog
 11074 | Lair:1   | Got an iridescent battleaxe {god gift}
 11075 | Lair:1   | Identified the +0 battleaxe "Croalygh" {speed, Int+4 SInv} (Trog gifted it to you on level 1 of the Lair of Beasts)
 11391 | Lair:2   | Noticed Fannar
 11413 | Lair:2   | Killed Fannar
 11413 | Lair:2   | Reached skill level 10 in Fighting
 11548 | Lair:2   | Found a dark tunnel.
 11561 | Volcano  | Entered a volcano
 11595 | Volcano  | Noticed merphle's ghost (experienced DECj)
 11604 | Volcano  | Killed merphle's ghost
 11753 | Volcano  | Found a burning altar of Makhleb.
 11753 | Volcano  | Noticed a lindwurm
 11779 | Volcano  | Killed a lindwurm
 11779 | Volcano  | Reached XP level 12. HP: 61/106 MP: 1/5
 11822 | Volcano  | Reached skill level 19 in Axes
 12056 | Lair:2   | Upgraded the game from 0.15.0-23-gc2b521c to 0.15.0-25-gd84c1e8
 12799 | Lair:3   | Noticed Prince Ribbit
 12817 | Lair:2   | Killed Prince Ribbit
 12836 | Lair:3   | Noticed Thrillho's ghost (powerful DEFE)
 13009 | Lair:3   | Killed Thrillho's ghost
 13009 | Lair:3   | Reached skill level 5 in Dodging
 13648 | Lair:4   | Noticed Nergalle
 13829 | Lair:4   | Found a frozen archway.
 13862 | Lair:4   | Reached skill level 1 in Crossbows
 13866 | Lair:4   | Received a gift from Trog
 13933 | IceCv    | Entered an ice cave
 14452 | IceCv    | Noticed a frost giant
 14922 | Lair:4   | Reached XP level 13. HP: 113/113 MP: 5/5
 15135 | Lair:4   | Found a staircase to the Swamp.
 15156 | Lair:4   | Reached skill level 10 in Armour
 15220 | Lair:4   | Killed Nergalle
 15375 | Lair:5   | Reached skill level 1 in Evocations
 15547 | Lair:5   | Received a gift from Trog
 15552 | Lair:5   | Reached skill level 20 in Axes
 15616 | Lair:5   | Found a hole to the Spider Nest.
 16250 | Lair:6   | Found a labyrinth entrance.
 16288 | Lab      | Entered a labyrinth
 16989 | Lair:6   | Received a gift from Trog
 17266 | Lair:7   | Found a viscous altar of Jiyva.
 17266 | Lair:7   | Found a staircase to the Slime Pits.
 17426 | Lair:7   | Reached skill level 5 in Evocations
 17595 | Lair:7   | Received a gift from Trog
 17858 | Lair:7   | Reached XP level 14. HP: 115/121 MP: 17/18
 18245 | Lair:2   | Upgraded the game from 0.15.0-25-gd84c1e8 to 0.15.0-29-ga8e3430
 18460 | D:11     | Found a white marble altar of Elyvilon.
 18481 | D:11     | Noticed a hill giant
 18491 | D:11     | Killed a hill giant
 18516 | D:11     | Killed heinrich's ghost
 18616 | D:11     | Noticed a hill giant
 18622 | D:11     | Killed a hill giant
 18913 | D:12     | Got a polished chain mail
 19043 | D:12     | Found a corrupted altar of Lugonu.
 19079 | D:12     | Received a gift from Trog
 19391 | Orc:1    | Entered Level 1 of the Orcish Mines
 19391 | Orc:1    | Noticed Maurice
 19405 | Orc:1    | Killed Maurice
 19475 | Orc:1    | Found Hekas' Food Shoppe.
 19547 | Orc:2    | Noticed Josephine
 19558 | Orc:2    | Killed Josephine
 19892 | Orc:3    | Received a gift from Trog
 20067 | Orc:3    | Received a gift from Trog
 20183 | Orc:2    | Noticed Snorg
 20193 | Orc:2    | Killed Snorg
 20403 | Orc:3    | Reached skill level 21 in Axes
 20494 | Orc:4    | Entered Level 4 of the Orcish Mines
 20506 | Orc:4    | Received a gift from Trog
 20886 | Orc:4    | Found a staircase to the Elven Halls.
 21082 | Orc:4    | Noticed Nessos
 21125 | Orc:4    | Killed Nessos
 21185 | Orc:4    | Received a gift from Trog
 21186 | Orc:4    | Got an iridescent battleaxe {god gift}
 21821 | Orc:4    | Found Cratocur's Weapon Emporium.
 21821 | Orc:4    | Found Utsuobla's Gadget Boutique.
 21824 | Orc:4    | Found Criate's General Store.
 21826 | Orc:4    | Found Toufar's Assorted Antiques.
 21834 | Orc:4    | Bought a wand of teleportation (4) for 288 gold pieces
 21837 | Orc:4    | Bought a scroll of enchant weapon for 90 gold pieces
 21837 | Orc:4    | Bought a potion of cure mutation for 420 gold pieces
 22069 | Lair:2   | Identified the +3 battleaxe of Blood {chop, rF+ Stlth++} (Trog gifted it to you on level 4 of the Orcish Mines)
 22085 | Lair:2   | Identified the cursed +10 chain mail of Blafied {Dex-2 Int+4} (You found it on level 12 of the Dungeon)
 22217 | Lair:2   | Identified 3 scrolls of acquirement
 22481 | Lair:2   | Identified a +3 rod of striking (11/11) (You acquired it on level 2 of the Lair of Beasts)
 22610 | Lair:8   | Entered Level 8 of the Lair of Beasts
 22717 | Lair:8   | Received a gift from Trog
 23625 | Lair:8   | Received a gift from Trog
 23878 | Lair:8   | Reached XP level 15. HP: 105/126 MP: 19/24
 23908 | Lair:8   | Got a smoking battleaxe
 23909 | Lair:8   | Identified the +9 battleaxe of Dissent {drain, Str+2} (You found it on level 8 of the Lair of Beasts)
 24439 | Spider:1 | Entered Level 1 of the Spider Nest
 24804 | Spider:1 | Noticed Nikola
 24927 | Spider:2 | Reached skill level 10 in Evocations
 25415 | Spider:2 | Received a gift from Trog
 25511 | Spider:2 | Reached skill level 22 in Axes
 26218 | Spider:3 | Reached skill level 15 in Armour
 26935 | Spider:4 | Received a gift from Trog
 27052 | Spider:4 | Got a distressingly furry plate armour
 27257 | Lair:2   | Identified the +9 plate armour of the Duke {rC+} (You found it on level 4 of the Spider Nest)
 27509 | Spider:5 | Entered Level 5 of the Spider Nest
 27575 | Spider:5 | Received a gift from Trog
 27931 | Spider:5 | Received a gift from Trog
 27957 | Spider:5 | Noticed Arachne
 27981 | Spider:5 | Killed Arachne
 27987 | Spider:5 | Got an ancient cloak
 27998 | Spider:5 | Identified the cursed -4 cloak "Frushy" {+Inv Slay+3 Curse} (You found it on level 5 of the Spider Nest)
 28249 | Spider:5 | Reached XP level 16. HP: 139/139 MP: 25/25
 28586 | Spider:5 | Received a gift from Trog
 28603 | Spider:5 | Got a gossamer rune of Zot
 29306 | Orc:4    | Bought a bread ration for 60 gold pieces
 29306 | Orc:4    | Bought a scroll of remove curse for 36 gold pieces
 29547 | Swamp:1  | Entered Level 1 of the Swamp
 29548 | Swamp:1  | Upgraded the game from 0.15.0-29-ga8e3430 to 0.15.0-31-geb66e34
 29674 | Swamp:1  | Reached skill level 23 in Axes
 30079 | Swamp:2  | Reached skill level 10 in Dodging
 30294 | Swamp:2  | Got a steaming glass ring
 30419 | Swamp:2  | Identified the ring "Dinahuev" {rC+ Str+5} (You found it on level 2 of the Swamp)
 30639 | Swamp:3  | Received a gift from Trog
 30648 | Swamp:3  | Got a warped battleaxe {god gift}
 30893 | Swamp:3  | Identified the +0 battleaxe of the Wilderness {flame, Dex+1} (Trog gifted it to you on level 3 of the Swamp)
 31668 | Swamp:4  | Reached XP level 17. HP: 145/154 MP: 26/26
 31774 | Swamp:4  | Received a gift from Trog
 32247 | Swamp:5  | Entered Level 5 of the Swamp
 32567 | Swamp:5  | Noticed Saint Roka
 32596 | Swamp:5  | Killed Saint Roka
 32596 | Swamp:5  | Reached skill level 15 in Fighting
 32740 | Swamp:5  | Got a warped ring mail
 32763 | Swamp:5  | Noticed Roxanne
 32854 | Swamp:5  | Reached skill level 24 in Axes
 33095 | Lair:2   | Identified the +5 ring mail "Fridgh" {Stlth--} (You found it on level 5 of the Swamp)
 33256 | Swamp:5  | Received a gift from Trog
 33523 | Swamp:5  | Got a decaying rune of Zot
 34001 | D:11     | Killed a red ugly thing
 35008 | D:14     | Found a gate to the Vaults.
 35376 | D:14     | Received a gift from Trog
 35387 | D:14     | Found Numelai's General Store.
 35460 | D:14     | Bought a scroll of magic mapping for 63 gold pieces
 35460 | D:14     | Bought a scroll of teleportation for 54 gold pieces
 35473 | D:15     | Entered Level 15 of the Dungeon
 35656 | D:15     | Found Clamoc's General Store.
 35663 | D:15     | Bought a scroll of teleportation for 45 gold pieces
 35663 | D:15     | Bought a meat ration for 75 gold pieces
 35663 | D:15     | Bought a meat ration for 75 gold pieces
 35670 | D:15     | Found Ecaerrul's Food Emporium.
 35797 | D:15     | Found a staircase to the Depths.
 35831 | D:15     | Noticed Ladykiller69's ghost (powerful OgGl)
 35844 | D:15     | Killed Ladykiller69's ghost
 35948 | D:15     | Noticed Frances
 35960 | D:15     | Killed Frances
 36004 | D:15     | Found a white marble altar of Elyvilon.
 36098 | D:15     | Found Buefa's Antique Armour Boutique.
 36107 | D:15     | Found Laec's Assorted Antiques.
 36108 | D:15     | Bought a faintly glowing cloak for 342 gold pieces
 36110 | D:15     | Found Dujas' Gadget Shoppe.
 36114 | D:15     | Bought a scroll of blinking for 150 gold pieces
 36114 | D:15     | Bought a wand of teleportation for 240 gold pieces
 36114 | D:15     | Bought a scroll of remove curse for 60 gold pieces
 36114 | D:15     | Bought a smoking scale mail for 180 gold pieces
 36350 | D:15     | Identified the cursed -2 cloak of Valour {rElec rPois Str+3} (You bought it in a shop on level 15 of the Dungeon)
 36365 | D:15     | Identified the cursed +0 scale mail "Qaikumpo" {rC++ rN+} (You bought it in a shop on level 15 of the Dungeon)
 36413 | Depths:1 | Entered Level 1 of the Depths
 36705 | Depths:1 | Received a gift from Trog
 36710 | Depths:1 | Reached XP level 18. HP: 100/168 MP: 17/27
 36912 | Depths:1 | Reached skill level 25 in Axes
 37088 | Vaults:1 | Entered Level 1 of the Vaults
 37837 | Vaults:1 | Received a gift from Trog
 38818 | Vaults:2 | Received a gift from Trog
 38997 | Vaults:2 | Found Faushek's Food Shop.
 39604 | Vaults:2 | Paralysed by an ogre mage for 6 turns
 39673 | Vaults:2 | Received a gift from Trog
 39713 | Vaults:2 | Reached skill level 26 in Axes
 39896 | Vaults:2 | Reached XP level 19. HP: 182/182 MP: 27/27
 40997 | Vaults:3 | Received a gift from Trog
 41586 | Vaults:3 | Noticed Aizul
 41599 | Vaults:3 | Killed Aizul
 42092 | Vaults:3 | Received a gift from Trog
 42470 | Vaults:3 | Received a gift from Trog
 42741 | D:15     | Bought a scroll of recharging for 190 gold pieces
 43113 | D:11     | You paid a toll of a wand of hasting (9) to enter a treasure trove
 43114 | Trove    | Entered a treasure trove
 43125 | Trove    | Got a pitted granite ring
 43127 | Trove    | Got a crude steel ring
 43131 | Trove    | Got a slimy ivory amulet
 43133 | Trove    | Got a brightly glowing platinum amulet
 43135 | Trove    | Got a crude brass amulet
 43137 | Trove    | Got a brightly glowing marble ring
 43145 | Trove    | Identified the ring "Pseunn" {-Tele rElec rF+ Stlth-} (You found it in a treasure trove)
 43146 | Trove    | Identified the ring "Dim Yxt" {rF+ rC+ Str+1} (You found it in a treasure trove)
 43147 | Trove    | Identified the amulet of the Empire {rMut rN+} (You found it in a treasure trove)
 43148 | Trove    | Identified the amulet "Tuidghicw" {Ward rElec rF+ rN+ Slay+5} (You found it in a treasure trove)
 43149 | Trove    | Identified the amulet "Aturef" {Ward rN+ Str+2 Int+4} (You found it in a treasure trove)
 43151 | Trove    | Got a sparkling wooden ring
 43171 | Trove    | Got a steaming bronze ring
 43176 | Trove    | Got a slimy ruby amulet
 43345 | Lair:2   | Identified the amulet "Aficoego" {Faith Contam MR++ SInv} (You found it in a treasure trove)
 43346 | Lair:2   | Identified the ring of Missiwk {rF+ rC+ rN+} (You found it in a treasure trove)
 43347 | Lair:2   | Identified the ring of the Magpie {-Tele rF+ rC+} (You found it in a treasure trove)
 43348 | Lair:2   | Identified the ring "Ahiwiz" {+cTele Str+3 Dex+3} (You found it in a treasure trove)
 44638 | Vaults:2 | Reached skill level 27 in Axes
 44927 | Depths:1 | Got a blackened chain mail
 45296 | D:15     | Got a brightly glowing leather armour
 45460 | Depths:1 | Received a gift from Trog
 45481 | Depths:1 | Found a one-way gate to the infinite horrors of the Abyss.
 45729 | Depths:1 | Found a gateway to Hell.
 45871 | Depths:1 | Reached XP level 20. HP: 188/198 MP: 26/28
 46074 | Depths:2 | Found a gateway to a ziggurat.
 46143 | Depths:2 | Received a gift from Trog
 46428 | Depths:1 | Identified the +2 chain mail of Rucitral {Int+2} (You found it on level 1 of the Depths)
 46438 | Depths:1 | Identified the cursed -1 leather armour of the Eleven Eyes {Contam +Rage +Fly rN+ MR++ Str+2} (You found it on level 15 of the Dungeon)
 46632 | Elf:1    | Entered Level 1 of the Elven Halls
 46797 | Elf:1    | Paralysed by a giant eyeball for 4 turns
 47001 | Elf:1    | Received a gift from Trog
 47135 | Elf:1    | Found Kligehuble's Weapon Boutique.
 47831 | Elf:2    | Received a gift from Trog
 47934 | Elf:2    | Found Geifa's Distillery.
 47941 | Elf:2    | Bought a potion of mutation for 30 gold pieces
 48068 | Elf:2    | Found a radiant altar of Vehumet.
 48337 | Elf:3    | Entered Level 3 of the Elven Halls
 48456 | Elf:3    | Received a gift from Trog
 49862 | Elf:3    | Received a gift from Trog
 49909 | Elf:3    | Identified Nierch's Collected Works on the Birds and Changing (You found it on level 3 of the Elven Halls)
 49921 | Elf:3    | Got a faintly humming storm dragon armour
 49922 | Elf:3    | Identified the +4 storm dragon armour of Rotation {rElec Str-2 Dex+3 Stlth++} (You found it on level 3 of the Elven Halls)
 49936 | Elf:3    | Identified the Papyrus of Hexes (You found it on level 3 of the Elven Halls)
 49962 | Elf:3    | Got an ancient turquoise ring
 49963 | Elf:3    | Identified the ring "Onaofab" {SustAb Str+3 Dex+2} (You found it on level 3 of the Elven Halls)
 49971 | Elf:3    | Got an ichor-stained scale mail
 50729 | Elf:3    | Received a gift from Trog
 51295 | Elf:2    | Bought a potion of curing for 24 gold pieces
 51295 | Elf:2    | Bought a potion of curing for 24 gold pieces
 51629 | Lair:2   | Identified the cursed +0 scale mail of Mugitek {Stlth+} (You found it on level 3 of the Elven Halls)
 51654 | Lair:2   | Gained mutation: You passively map a small area around you. [potion of beneficial mutation]
 51686 | Lair:2   | Gained mutation: Your spells are a little easier to cast, but a little less powerful. [mutagenic glow]
 52509 | Vaults:5 | Entered Level 5 of the Vaults
 52522 | Vaults:4 | Reached XP level 21. HP: 201/209 MP: 27/29
 52572 | Vaults:5 | Noticed a golden dragon
 52572 | Vaults:5 | Received a gift from Trog
 52858 | Vaults:5 | Killed a golden dragon
 52899 | Vaults:5 | Got a heavily runed hat
 52910 | Vaults:5 | Identified the +1 hat "Fuenawat" {Dex-2 Int+4} (You acquired it on level 5 of the Vaults)
 53133 | Vaults:5 | Noticed Margery
 53157 | Vaults:5 | Killed Margery
 53173 | Vaults:5 | Received a gift from Trog
 53986 | Vaults:5 | Received a gift from Trog
 54038 | Vaults:5 | Noticed an ancient lich
 54132 | Vaults:5 | Paralysed by an ancient lich for 6 turns
 54156 | Vaults:5 | Killed an ancient lich
 54259 | Vaults:5 | Reached XP level 22. HP: 183/224 MP: 20/29
 54416 | Vaults:5 | Got a pitted war axe
 54526 | Vaults:5 | Hit by a large rock thrown by a stone giant

Action                   |  1- 3 |  4- 6 |  7- 9 | 10-12 | 13-15 | 16-18 | 19-21 | 22-24 || total
-------------------------+-------+-------+-------+-------+-------+-------+-------+-------++-------
Melee: Hand axe          |    79 |   119 |   115 |       |       |       |       |       ||   313
       Broad axe         |       |     2 |   181 |   369 |       |       |       |       ||   552
       War axe           |       |       |   117 |       |       |       |       |       ||   117
       Battleaxe         |       |       |       |   316 |   389 |  1144 |  1049 |    46 ||  2944
       Executioner's axe |       |       |       |       |   807 |       |       |       ||   807
 Fire: Blowgun           |       |     8 |    14 |     1 |     4 |       |       |       ||    27
       Hand crossbow     |       |       |       |     1 |       |       |       |       ||     1
       Arbalest          |       |       |       |       |     8 |    37 |       |       ||    45
       Triple crossbow   |       |       |       |       |       |    10 |    14 |       ||    24
Throw: Javelin           |       |       |     5 |    17 |       |       |       |       ||    22
Invok: Trog's Hand       |     2 |     4 |     4 |    10 |    12 |    10 |     9 |       ||    51
       Berserk           |       |     2 |     5 |     5 |     1 |       |       |       ||    13
       Brothers in Arms  |       |       |       |     4 |     1 |     4 |     3 |       ||    12
       Burn Spellbooks   |       |       |       |       |       |     1 |       |       ||     1
 Abil: Evoke Flight      |       |       |       |     1 |     1 |     2 |     3 |       ||     7
       Stop Flying       |       |       |       |       |     1 |     2 |       |       ||     3
Evoke: Wand              |     1 |       |     2 |     9 |    51 |    18 |     9 |     3 ||    93
  Use: Scroll            |       |       |    13 |     7 |    19 |    16 |    33 |     4 ||    92
       Potion            |       |       |     2 |     7 |     8 |    12 |    17 |       ||    46
 Stab: Confused          |       |       |       |       |     1 |     1 |       |       ||     2
       Distracted        |       |       |       |       |       |     2 |       |       ||     2
  Eat: Chunk             |     3 |     4 |    12 |     7 |    15 |    19 |    16 |       ||    76
       Fruit             |       |     2 |     3 |     7 |     3 |     2 |       |       ||    17
       Beef jerky        |       |     2 |     1 |       |     2 |     1 |     1 |       ||     7
       Pizza             |       |       |     1 |     2 |     4 |     1 |     1 |       ||     9
       Bread ration      |       |       |     1 |     2 |     5 |     4 |     4 |       ||    16
       Meat ration       |       |       |       |     1 |       |       |     4 |       ||     5
